AoeStats
← 大王同学

Nomad

503176033Analyzed
4v4 RM · 1mo ago on Aug 30, 2026· 43m 47s· 8 players
Game mode
Random Map
Map size
231×231
Population
200
Speed
Normal
Resources
Standard
Victory
Conquest
Starting age
Dark Age
Ending age
Imperial Age
RankedLock teamsTeams togetherTeam positionsShared explorationLock speedFull tech treeHidden civsTurbo modeCheats
Victory
Defeat
🇷🇺 Spanish · Russia
1391
+15
🇧🇷 Persians · Brazil
1360
+16
🇨🇿 Huns · Czechia
1350
+17
🇦🇷 Vikings · Argentina
1330
+17
1411
-18
1388
-17
🇭🇰 Poles · Hong Kong SAR China
1345
-15
🇭🇰 Mapuche · Hong Kong SAR China
1307
-14
Ringss12x
5:21 Loom
13:47 Feudal Age
14:26 Double-Bit Axe
19:37 Castle Age
21:22 Wheelbarrow
21:18 Bow Saw
20:49 Horse Collar
23:28 Town Watch
24:50 Gold Mining
24:52 Stone Mining
26:12 Hand Cart
36:28 Imperial Age
34:44 Gold Shaft Mining
34:46 Town Patrol
35:08 Bloodlines
35:06 Scale Barding Armor
36:13 Husbandry
36:18 Cavalier
37:19 Chain Barding Armor
37:15 Forging
38:41 Plate Barding Armor
38:42 Iron Casting
37:41 Savar
40:23 Blast Furnace
39:52 Conscription
41:59 Citadels
44:30 Stone Shaft Mining
43:56 Heavy Plow
magor*
3:01 Loom
14:08 Feudal Age
16:02 Double-Bit Axe
17:20 Scale Barding Armor
19:45 Castle Age
17:40 Gold Mining
18:52 Forging
19:15 Horse Collar
21:05 Husbandry
23:40 Chain Barding Armor
24:32 Bloodlines
25:38 Iron Casting
29:04 Wheelbarrow
30:47 Hand Cart
40:21 Imperial Age
38:10 Fletching
38:44 Ballistics
38:47 Town Watch
44:11 Conscription
43:53 Marauders
44:43 Gold Shaft Mining
M-A
3:36 Loom
13:50 Feudal Age
14:50 Double-Bit Axe
17:16 Fletching
17:30 Stone Mining
24:06 Castle Age
27:00 Squires
26:46 Arson
28:54 Fishing Lines
33:21 Scale Mail Armor
35:20 Gillnets
36:47 Bow Saw
37:20 Forging
38:18 Chain Mail Armor
40:24 Iron Casting
41:42 Horse Collar
43:16 Heavy Plow
Architector
14:43 Feudal Age
18:34 Castle Age
17:01 Loom
17:28 Fishing Lines
20:35 Padded Archer Armor
21:00 Gillnets
20:57 Town Watch
21:49 Double-Bit Axe
28:58 Horse Collar
32:42 Wheelbarrow
33:34 Leather Archer Armor
35:43 Bow Saw
36:19 Fletching
38:30 Husbandry
39:14 Bloodlines
42:53 Hand Cart
sam0706
5:20 Loom
12:31 Feudal Age
13:27 Double-Bit Axe
16:53 Horse Collar
19:59 Forging
21:07 Bloodlines
21:12 Scale Barding Armor
23:07 Scale Mail Armor
39:19 Castle Age
42:25 Stone Mining
羽丘白色魅魔丰川祥子
11:17 Loom
13:31 Feudal Age
17:11 Castle Age
15:16 Double-Bit Axe
15:51 Fletching
27:24 Scale Mail Armor
32:12 Squires
34:07 Bow Saw
34:21 Thumb Ring
34:15 Bodkin Arrow
38:07 Padded Archer Armor
38:07 Horse Collar
电脑人-偷家鸡鸡短三寸-
3:24 Loom
15:10 Feudal Age
15:52 Double-Bit Axe
16:01 Gold Mining
19:18 Castle Age
17:35 Fishing Lines
20:44 Medium Warships
21:27 Wheelbarrow
23:04 Bow Saw
23:53 Gillnets
29:44 Fletching
29:54 Padded Archer Armor
31:19 Bodkin Arrow
31:40 Leather Archer Armor
31:23 Crossbowman
33:43 Thumb Ring
34:33 Gold Shaft Mining
34:38 Ballistics
34:38 Hand Cart
35:11 Town Watch
39:48 Imperial Age
38:10 Scale Mail Armor
38:21 Forging
38:18 Town Patrol
38:16 Stone Mining
38:17 Pikeman
38:58 Squires
38:43 Arson
40:03 Chain Mail Armor
40:24 Iron Casting
39:51 Arbalester
41:36 Chemistry
40:40 Bracer
41:11 Ring Archer Armor
40:07 Halberdier
42:00 Conscription
42:03 Elite Skirmisher
大王同学
5:57 Loom
12:32 Feudal Age
14:25 Champi Runner
16:07 Arson
21:15 Double-Bit Axe
21:36 Scale Mail Armor
23:37 Fishing Lines
28:23 Castle Age
26:49 Fletching
33:50 Forging
33:51 Gold Mining
35:04 Bow Saw
35:53 Iron Casting
40:48 Gillnets
44:39 Wheelbarrow
Connection lost

Rejoining the realm…

Still unreachable

The connection could not be restored.

Session expired

The server has moved on; the page needs a fresh start.